 Dungeon Crawl Stone Soup version 0.29-a0-791-ga0f254aafb (webtiles) character file.

Game seed: 7808545479957307797

23 Malachi the Slasher (level 2, 0/22 HPs)
             Began as a Demonspawn Gladiator on July 3, 2022.
             Slain by a kobold
             ... wielding a +0 flail
              (6 damage)
             ... on level 1 of the Dungeon.
             The game lasted 00:00:28 (808 turns).

Malachi the Slasher (Demonspawn Gladiator)           Turns: 808, Time: 00:00:28

Health: 0/22       AC:  4    Str: 14    XL:     2   Next: 75%
Magic:  2/2        EV: 12    Int:  9    God:
Gold:   17         SH:  0    Dex: 14    Spells: 1/1 levels left

rFire   . . .      SeeInvis .   a - +0 long sword
rCold   . . .      Faith    .   (no shield)
rNeg    . . .      Spirit   .   b - +0 leather armour
rPois   .          Reflect  .   c - +0 helmet
rElec   .          Harm     .   (no cloak)
rCorr   .          Rampage  .   (no gloves)
Will    .....                   (no boots)
Stlth   +.........              (no amulet)
HPRegen 0.07/turn               (no ring)
MPRegen 0.16/turn               (no ring)

@: no status effects
A: magic regeneration
a: no special abilities


You were on level 1 of the Dungeon.
You visited 1 branch of the dungeon, and saw 1 of its levels.

You collected 17 gold pieces.

Inventory:

Hand Weapons
 a - a +0 long sword (weapon)
Missiles
 d - 3 throwing nets (quivered)
 e - a javelin
Armour
 b - a +0 leather armour (worn)
 c - a +0 helmet (worn)
Scrolls
 f - a scroll of teleportation {unknown}
 g - 3 scrolls of identify {unknown}
 h - a scroll of blinking {unknown}


   Skills:
 - Level 2.0 Fighting
 * Level 3.5 Long Blades
 - Level 1.8 Throwing
 - Level 2.8 Dodging


You had one spell level left.
You didn't know any spells.
Your spell library was empty.

Dungeon Overview and Level Annotations

Branches:
Dungeon (1/15)

Altars:


Innate Abilities, Weirdness & Mutations

You regenerate magic rapidly.


Message History

The endoplasm quivers.
A giant cockroach comes into view.
A rat comes into view.
A kobold comes into view. It is wielding a +0 flail.
Found 11 gold pieces.
A bat comes into view.
The goblin closely misses you.
A rat comes into view.
You barely miss the goblin. The goblin closely misses you.
You completely miss the goblin. The bat barely misses you.
The goblin hits you with a +0 dagger. The endoplasm hits you.
You barely miss the goblin. The bat barely misses you.
The goblin hits you but does no damage.
The endoplasm hits you but does no damage.
You hit the goblin.
The goblin is moderately wounded.
The bat misses you. The bat hits you but does no damage.
The goblin barely misses you. The endoplasm hits you.
The bat hits you but does no damage. The goblin misses you.
The endoplasm barely misses you.
You slash the goblin!
You kill the goblin!
The bat hits you but does no damage. The endoplasm hits you.
The kobold misses you.
You closely miss the giant cockroach. The bat misses you.
The bat closely misses you.
The giant cockroach bites you but does no damage.
The endoplasm freezes you.
You are frozen.
The rat closely misses you. The kobold hits you with a +0 flail.
* * * LOW HITPOINT WARNING * * *
You are too injured to fight recklessly!
You are too injured to fight recklessly!
You hit the bat.
You kill the bat!
The giant cockroach barely misses you. The endoplasm misses you.
The rat completely misses you. The kobold hits you but does no damage.
The giant cockroach bites you but does no damage.
The rat attacks as you move away! The rat closely misses you.
The kobold hits you with a +0 flail.
You die...

..$.###......#...##....#
.....#............#.##†.
................#.>.....
..)..................###
................##....##
..............###.......
......)J####..###...##.#
.....rBr#####......###..
......K@†##.......#####.
.......#.#..........###.
##....##.........##.....
####.##...........#....
#..##...........#....
#...#.#..............
#.#.#............^...
#.#..........###.....
#######.#..........###.####


You could see an endoplasm, a giant cockroach, a kobold and 2 rats.

Vanquished Creatures
  A dart slug (D:1)
  4 ball pythons (D:1)
  4 bats (D:1)
  4 endoplasms (D:1)
  A giant cockroach (D:1)
  A hobgoblin (D:1)
  3 goblins (D:1)
18 creatures vanquished.

Notes
Turn   | Place    | Note
-------+----------+-------------------------------------------
     0 | D:1      | Malachi the Demonspawn Gladiator began the quest for the
                  | Orb.
     0 | D:1      | Reached XP level 1. HP: 16/16 MP: 1/1
   103 | D:1      | Reached skill level 3 in Long Blades
   109 | D:1      | Gained mutation: You regenerate magic rapidly. [demonic
                  | ancestry]
   109 | D:1      | Reached XP level 2. HP: 6/22 MP: 2/2
   808 | D:1      | Slain by a kobold

Illustrated notes

Levels and vault maps discovered:
D:1:      eino_arrival_cavern_c, layout_rooms, minmay_tetromino_l2

Skill      XL: |  1 |
---------------+----+-----
Long Blades    | 3 |  3.5
Fighting       | |  2.0
Throwing       | |  1.8
Dodging        | |  2.8

Action                   || total
-------------------------++-------
Melee: Long sword        ||    40
 Stab: Sleeping          ||     1
Armor: Leather armour    ||    31
Dodge: Dodged            ||    39

Table legend: (Time is in decaauts)
 A = Elapsed time spent in this place.
 B = Non-inter-level travel time spent in this place.
 C = Inter-level travel time spent in this place.
 D = Time resting spent in this place.
 E = Time spent auto-exploring this place.
 F = Levels seen in this place.
 G = Mean time per level.
                   A        B        C        D        E       F      G
               +--------+--------+--------+--------+--------+-----+--------+
         Total |    817 |    817 |      0 |    324 |    396 |   1 |  817.0 |
       Dungeon |    817 |    817 |      0 |    324 |    396 |   1 |  817.0 |
               +--------+--------+--------+--------+--------+-----+--------+

Top non-repeatable levels by time:
     D:1: 817 daAuts
